 Dungeon Crawl Stone Soup version 0.30.0-15-g856e2d3f33 (webtiles) character file.

Game seed: 6339964333894621213

5 jtron the Caller (level 1, 0/10 HPs)
             Began as a Tengu Summoner on May 18, 2023.
             Slain by a quokka (3 damage)
             ... on level 1 of the Dungeon.
             The game lasted 00:00:21 (120 turns).

jtron the Caller (Tengu Summoner)                    Turns: 120, Time: 00:00:22

Health: 0/10       AC:  2    Str:  8    XL:     1   Next: 80%
Magic:  3/4        EV: 12    Int: 15    God:
Gold:   9          SH:  0    Dex: 14    Spells: 3/4 levels left

rFire   . . .        (no weapon)
rCold   . . .        (no shield)
rNeg    . . .        a - +0 robe
rPois   .            (helmet restricted)
rElec   .            (no cloak)
rCorr   .            (no gloves)
SInv    .            (boots unavailable)
Will    .....        (no amulet)
Stlth   ++           (no ring)
HPRegen 0.21/turn    (no ring)
MPRegen 0.09/turn

%: no passive effects
@: no status effects
A: beak, talons 3
a: no special abilities


You were on level 1 of the Dungeon.
You visited 1 branch of the dungeon, and saw 1 of its levels.

You collected 9 gold pieces.

Inventory:

Missiles
 c - 18 stones
Armour
 a - a +0 robe (worn)
Potions
 b - a potion of magic


   Skills:
 + Level 2.2 Dodging
 + Level 2.0 Stealth
 + Level 2.0 Spellcasting
 + Level 5.1 Summonings


You had 3 spell levels left.
You knew the following spells:

 Your Spells              Type           Power      Damage    Failure   Level
a - Summon Small Mammal   Summ           68%        N/A       2%          1

Your spell library contained the following spells:

 Spells                   Type           Power      Damage    Failure   Level
 Call Imp                 Summ           34%        N/A       4%          2
 Call Canine Familiar     Summ           17%        N/A       8%          3
 Summon Guardian Golem    Hex/Summ       9%         N/A       22%         3
 Summon Lightning Spire   Summ/Air       9%         N/A       58%         4


Dungeon Overview and Level Annotations

Branches:
Dungeon (1/15)

Altars:


Innate Abilities, Weirdness & Mutations

You have a beak for a mouth.
You have claws for feet.


Message History

Your bat completely misses the bat.
A ball python comes into view.
The ball python hisses angrily.
Your bat closely misses the bat.
Your quokka closely misses the bat.
The bat barely misses your quokka.
You see here 6 stones.
c - 18 stones (gained 6)
The bat closely misses your quokka.
Your quokka misses the bat. You hit the bat but do no damage.
The bat hits you but does no damage.
Your bat hits the bat. The ball python misses your quokka.
The ball python barely misses your quokka.
Your quokka bites the bat.
The bat dies!
Your bat barely misses the ball python.
The ball python misses your quokka.
The ball python barely misses your quokka.
Your quokka bites the ball python.
The ball python misses your quokka. The ball python grabs your quokka.
The ball python constricts your quokka.
Your quokka barely misses the ball python.
Your bat misses the ball python. Your bat hits the ball python.
The ball python closely misses your bat.
The ball python constricts your quokka.
Your quokka bites the ball python.
The ball python dies!
Magic restored.
You swap places.
You swap places.
A quokka comes into view.
Your quokka disappears in a puff of smoke!
There are no items here.
Found a scroll labelled ODIZEO LOSCHOKE and a scroll labelled ZIFRAUKISY.
The quokka bites you.
Your bat barely misses the quokka.
Casting: Summon Small Mammal (safe; 2% risk of failure)
Confirm with . or Enter, or press ? or * to list all spells.
Your bat hits the quokka but does no damage.
The quokka bites you.
Ouch! That really hurt!
* * * LOW HITPOINT WARNING * * *
Your bat closely misses the quokka.
The quokka bites you.
You die...

#......r#....#.#
##+######....#.##
##
...................
.#.######.#..#...?
#.#..#.#.###
######.#..#.#...
...........#...
#######.##b#.#
#....r@#
####.##r...... #.#
#.##### #.# .# ...
# #.# ... #?


You could see a quokka (ally target), a friendly bat (summoned) and a friendly
rat (summoned).

Vanquished Creatures (collateral kills)
  A dart slug (D:1)
  A ball python (D:1)
  A bat (D:1)
3 creatures vanquished.

Notes
Turn   | Place    | Note
-------+----------+-------------------------------------------
     0 | D:1      | jtron the Tengu Summoner began the quest for the Orb.
     0 | D:1      | Reached XP level 1. HP: 10/10 MP: 4/4
    85 | D:1      | Reached skill level 5 in Summonings
   120 | D:1      | Slain by a quokka

Illustrated notes

Levels and vault maps discovered:
D:1:      dpeg_arrival_circle_labyrinth_c, layout_basic,
          minmay_misc_feat_plants, minmay_pentomino_v4

Skill      XL: |  1 |
---------------+----+-----
Summonings     | 5 |  5.1
Dodging        | |  2.2
Stealth        | |  2.0
Spellcasting   | |  2.0

Action                     || total
---------------------------++-------
  Melee: Unarmed           ||     1
   Cast: Summon Small Mamm ||     3
 Armour: Robe              ||     1
